 Dungeon Crawl Stone Soup version 0.20.0-8-g6b59dc7 (webtiles) character file.

266 Hasart the Ogre Mage (level 6, -16/61 HPs)
             Began as an Ogre Fire Elementalist on May 31, 2017.
             Killed from afar by Ijyb (20 damage)
             ... with a wand of lightning (?/15)
             ... on level 4 of the Dungeon.
             The game lasted 00:05:18 (3385 turns).

Hasart the Ogre Mage (Ogre Fire Elementalist)       Turns: 3385, Time: 00:05:18

Health: -16/61     AC:  3    Str: 13    XL:     6   Next: 20%
Magic:  1/12       EV: 10    Int: 18    God:
Gold:   171        SH:  0    Dex:  9    Spells: 9/14 levels left

rFire    . . .     SeeInvis .   d - +2 hand axe (flame)
rCold    . . .     Gourm    .   (no shield)
rNeg     . . .     Faith    .   a - +0 robe
rPois    .         Spirit   .   (helmet restricted)
rElec    .         Reflect  .   (no cloak)
rCorr    .         Harm     .   (gloves unavailable)
MR       .....                  (boots unavailable)
Stlth    +.........             (no amulet)
Regen    0.2/turn               (no ring)
MPRegen  0.2/turn               (no ring)

@: very slightly contaminated
A: unfitting armour, tough skin 1
a: no special abilities


You were on level 4 of the Dungeon.
You were not hungry.

You visited 1 branch of the dungeon, and saw 3 of its levels.

You collected 171 gold pieces.

Inventory:

Hand Weapons
 d - a +2 hand axe of flaming (weapon)
Armour
 a - a +0 robe (worn)
Scrolls
 e - 2 scrolls of enchant armour {unknown}
 g - 2 scrolls of teleportation {unknown}
 j - a scroll of fear {unknown}
 k - 4 scrolls of amnesia {unknown}
 l - 2 scrolls of identify {unknown}
 n - a scroll of remove curse {unknown}
 o - a scroll of immolation {unknown}
 r - a scroll of blinking {unknown}
 s - 2 scrolls of noise {unknown}
Potions
 h - 2 potions of curing {unknown}
 i - a potion of heal wounds {unknown}
 m - 2 potions of agility {unknown}
 p - a potion of brilliance {unknown}
Books
 b - a book of Flames

   Spells                             Type                      Level
   a - Flame Tongue                   Conjuration/Fire             1
   b - Throw Flame                    Conjuration/Fire             2
   c - Conjure Flame                  Conjuration/Fire             3
   d - Inner Flame                    Hexes/Fire                   3
   e - Sticky Flame                   Conjuration/Fire             4
   f - Fireball                       Conjuration/Fire             5
Comestibles
 c - 3 bread rations
 f - 2 meat rations
 q - a chunk of flesh


   Skills:
 + Level 3.1 Fighting
 - Level 1.7 Dodging
 - Level 1.4 Stealth
 * Level 4.6 Spellcasting
 + Level 2.1 Conjurations
 * Level 4.0 Fire Magic


You had 9 spell levels left.
You knew the following spells:

 Your Spells              Type           Power        Failure   Level  Hunger
a - Flame Tongue          Conj/Fire      ###..        3%          1    None
b - Sticky Flame          Conj/Fire      ###.....     36%         4    ####...


Dungeon Overview and Level Annotations

Branches:
Dungeon (2/15)

Altars:
Dithmenos

Annotations:
D:4 Ijyb


Innate Abilities, Weirdness & Mutations

You are too large for most types of armour.
You have tough skin. (AC +1)


Message History

Press: ? - help, Shift-Dir - straight line, f/p - Ijyb
Aim: Ijyb, wielding a dagger of speed, wearing a chain mail and carrying a wand of lightning (?/15) {zapped: 4} (heavily wounded)
The flame tongue hits Ijyb.
Ijyb is severely wounded.
Ijyb hits you with a dagger of speed.
* * * LOW HITPOINT WARNING * * *
You closely miss Ijyb.
Ijyb is severely wounded.
Ijyb barely misses you.
Casting: Flame Tongue
Confirm with . or Enter, or press ? or * to list all spells.
Aiming: Flame Tongue
Press: ? - help, Shift-Dir - straight line, f/p - Ijyb
Aim: Ijyb, wielding a dagger of speed, wearing a chain mail and carrying a wand of lightning (?/15) {zapped: 4} (severely wounded)
The flame tongue hits Ijyb.
Ijyb is almost dead.
Ijyb screams, "You nasty!
Big nasty!"
Ijyb hits you but does no damage.
Ijyb zaps a wand.
The bolt of lightning hits you!
You die...

#.#
#.....#
######.#
#####.#
....##.#
#.#
.......#
#.#
###.####
#.#
.....[.#
#.#
###.##.#
#.# #.# #
#.# #.#
#@# ###.#
#g# ....#
g.......#
#####
#########


You could see Ijyb.

Vanquished Creatures
  Blork the orc (D:4)
  An orc wizard (D:4)
  4 worker ants (D:4)
  An adder (D:4)
  An ooze (D:4)
  A worm (D:4)
  2 dart slugs
  2 leopard geckos (D:4)
  2 orcs (D:4)
  6 giant cockroaches
  4 goblins
  6 hobgoblins (D:1)
  4 jackals (D:1)
  6 kobolds
  A quokka (D:4)
  A ball python skeleton (D:4)
  5 bats
  3 frilled lizards
  7 rats
58 creatures vanquished.

Notes
Turn   | Place    | Note
-------+----------+-------------------------------------------
     0 | D:1      | Hasart the Ogre Fire Elementalist began the quest for the Orb.
     0 | D:1      | Reached XP level 1. HP: 16/16 MP: 3/3
    70 | D:1      | Reached skill level 1 in Fighting
    70 | D:1      | Reached XP level 2. HP: 11/27 MP: 0/5
    93 | D:1      | HP: 1/27 [hobgoblin (2)]
   100 | D:1      | Reached skill level 1 in Conjurations
  1015 | D:1      | Reached XP level 3. HP: 27/33 MP: 7/7
  1765 | D:2      | Found a shadowy altar of Dithmenos.
  2261 | D:2      | You fall through a shaft for 2 floors!
  2268 | D:4      | Reached XP level 4. HP: 34/42 MP: 2/9
  2514 | D:4      | Reached XP level 5. HP: 40/50 MP: 6/11
  2730 | D:4      | Noticed Blork the orc
  2738 | D:4      | Killed Blork the orc
  2891 | D:4      | Learned a level 4 spell: Sticky Flame
  3281 | D:4      | Reached XP level 6. HP: 61/61 MP: 5/12
  3366 | D:4      | Noticed Ijyb
  3383 | D:4      | HP: 3/61 [Ijyb/dagger of speed (4)]
  3385 | D:4      | Killed from afar by Ijyb

Skill      XL: |  1  2  3  4  5 |
---------------+----------------+-----
Fighting       | 1 2 3 |  3.1
Conjurations   | 1 2 |  2.1
Spellcasting   | 3 4 |  4.6
Fire Magic     | 3 4 |  4.0
Dodging        | |  1.7
Stealth        | |  1.4

Action                   |  1- 3 |  4- 6 || total
-------------------------+-------+-------++-------
Melee: Hand axe          |   108 |    46 ||   154
 Cast: Flame Tongue      |    15 |    36 ||    51
 Stab: Sleeping          |     1 |       ||     1
  Eat: Chunk             |     4 |     4 ||     8
Armor: Robe              |    39 |     9 ||    48
Dodge: Dodged            |    78 |    37 ||   115
